[Event "GambitGuide"]
[Site "Internet Chess Club"]
[Date "2014.10.30"]
[Round "1"]
[White "JSBach"]
[Black "kidcobra"]
[Result "1-0"]
[ICCResult "Black checkmated"]
[WhiteElo "1666"]
[BlackElo "1794"]
[Opening "Vienna: `Frankenstein-Dracula' variation"]
[ECO "C27"]
[NIC "VG.02"]
[Time "15:45:17"]
[TimeControl "120+12"]

1. e4 e5 2. Nc3 Nf6 3. Bc4 Nxe4 4. Qh5 Nd6 5. Bb3 Nc6 6. Nb5 g6 7. Qf3 f5 8.
Qd5 Qe7 9. Nxc7+ Kd8 10. Nxa8 b6 11. Ba4 Bb7 12. Nxb6 axb6 13. Qb3 Kc7 14.
Ne2 Nd4 15. Nxd4 exd4+ 16. Kf1 Ba6+ 17. d3 Bg7 18. Bf4 Re8 19. Qb4 Be5 20.
Re1 Qf6 21. Bxe5 Rxe5 22. Rxe5 Qxe5 23. Bb3 Ne4 24. a3 Nc5 25. Bf7 Nxd3 26.
cxd3 Bxd3+ 27. Kg1 Qe2 28. h3 Qf1+ 29. Kh2 Qxf2 30. Rc1+ Kb7 31. Bd5+ Ka7
32. Rc7+ Ka6 33. Qa4# {Black checkmated} 1-0

[Event "GambitGuide"]
[Site "Internet Chess Club"]
[Date "2014.10.30"]
[Round "1"]
[White "JSBach"]
[Black "central321"]
[Result "1-0"]
[ICCResult "Black resigns"]
[WhiteElo "1681"]
[BlackElo "1676"]
[Opening "Vienna: `Frankenstein-Dracula' variation"]
[ECO "C27"]
[NIC "VG.02"]
[Time "15:43:24"]
[TimeControl "120+12"]

1. e4 e5 2. Nc3 Nf6 3. Bc4 Nxe4 4. Qh5 Nd6 5. Bb3 Nc6 6. Nb5 g6 7. Qf3 f5 8.
Qd5 Qe7 9. Nxc7+ Kd8 10. Nxa8 b6 11. Ba4 Qe6 12. Qxe6 dxe6 13. Bxc6 Ba6 14.
d3 Bg7 15. f3 Kc8 16. Bg5 Kb8 17. Be7 Bf8 18. Bf6 Rg8 19. Bxe5 Bb7 20. Bd7
Be7 21. Bxe6 Rd8 22. Nxb6 axb6 23. Rd1 Ka7 24. Ke2 Nb5 25. c3 Bd6 26. d4
Bxe5 27. dxe5 Ba6 28. Rxd8 {Black resigns} 1-0

[Event "GambitGuide"]
[Site "Internet Chess Club"]
[Date "2014.10.30"]
[Round "1"]
[White "JSBach"]
[Black "Smallerville"]
[Result "1-0"]
[ICCResult "Black resigns"]
[WhiteElo "1681"]
[BlackElo "2016"]
[Opening "Vienna: `Frankenstein-Dracula' variation"]
[ECO "C27"]
[NIC "VG.02"]
[Time "15:42:27"]
[TimeControl "120+12"]

1. e4 e5 2. Nc3 Nf6 3. Bc4 Nxe4 4. Qh5 Nd6 5. Bb3 Nc6 6. Nb5 g6 7. Qf3 f5 8.
Qd5 Qe7 9. Nxc7+ Kd8 10. Nxa8 b6 11. Ba4 Bb7 12. Nxb6 axb6 13. Qb3 Kc7 14.
Ne2 Bg7 15. a3 Re8 16. Nc3 Nd4 17. Nd5+ Bxd5 18. Qxd5 Qe6 19. Qxe6 Rxe6 20.
c3 b5 21. Bd1 Nc6 22. a4 b4 23. Bb3 Re8 24. Ke2 e4 25. a5 Ra8 26. Bd5 Rxa5
27. Rxa5 Nxa5 28. cxb4 Nc6 29. Bxc6 Kxc6 30. Rd1 Nb5 31. d3 d5 32. f3 Nd4+
33. Kf2 Nc2 34. dxe4 fxe4 35. b5+ Kxb5 36. Rxd5+ Kc4 37. fxe4 Bd4+ 38. Kg3
Nb4 39. b3+ Kd3 40. Rd7 h5 41. Bb2 Nc2 42. e5 Ke4 43. Rxd4+ Nxd4 44. Bxd4
Kxd4 45. e6 {Black resigns} 1-0

[Event "GambitGuide"]
[Site "Internet Chess Club"]
[Date "2014.10.30"]
[Round "1"]
[White "JSBach"]
[Black "shibotal"]
[Result "1-0"]
[ICCResult "Black resigns"]
[WhiteElo "1681"]
[BlackElo "1803"]
[Opening "Vienna: `Frankenstein-Dracula' variation"]
[ECO "C27"]
[NIC "VG.02"]
[Time "15:45:36"]
[TimeControl "120+12"]

1. e4 e5 2. Nc3 Nf6 3. Bc4 Nxe4 4. Qh5 Nd6 5. Bb3 Nc6 6. Nb5 g6 7. Qf3 f5 8.
Qd5 Qe7 9. Nxc7+ Kd8 10. Nxa8 b6 11. Ba4 Bg7 12. Bxc6 dxc6 13. Qb3 Bb7 14.
Nxb6 axb6 15. Qxb6+ Kc8 16. d3 Qc7 17. Qxc7+ Kxc7 18. f3 Re8 19. a4 e4 20.
dxe4 fxe4 21. Kf2 c5 22. a5 Ba6 23. Ra2 Bc4 24. b3 Ba6 25. Be3 c4 26. Bb6+
Kb7 27. Bc5 cxb3 28. cxb3 Nb5 29. Rd2 Bc3 30. Re2 Kc6 31. b4 Nd6 32. Bxd6
Bxe2 33. Nxe2 exf3 34. Nxc3 Kxd6 35. Rd1+ Kc6 36. b5+ Kc5 37. b6 fxg2 38.
Kxg2 Re3 39. b7 Rxc3 40. b8=Q {Black resigns} 1-0

[Event "GambitGuide"]
[Site "Internet Chess Club"]
[Date "2014.10.30"]
[Round "1"]
[White "JSBach"]
[Black "ARuperez"]
[Result "1-0"]
[ICCResult "Black resigns"]
[WhiteElo "1681"]
[BlackElo "2246"]
[Opening "Vienna: `Frankenstein-Dracula' variation"]
[ECO "C27"]
[NIC "VG.02"]
[Time "15:46:25"]
[TimeControl "120+12"]

1. e4 e5 2. Nc3 Nf6 3. Bc4 Nxe4 4. Qh5 Nd6 5. Bb3 Nc6 6. Nb5 g6 7. Qf3 f5 8.
Qd5 Qe7 9. Nxc7+ Kd8 10. Nxa8 b6 11. Ba4 Nd4 12. f4 Bb7 13. Qxe5 Qxe5+ 14.
fxe5 Bxg2 15. exd6 Bxa8 16. c3 Ne6 17. Nf3 Bxf3 18. Rf1 Bb7 19. d4 Bxd6 20.
Rf2 Re8 21. Re2 Nf4 22. Rxe8+ Kxe8 23. Bxf4 Bxf4 24. h3 Bg2 25. Bb3 Bxh3 26.
Bd5 Bg4 27. Kf1 h5 28. Kf2 h4 29. a3 h3 30. a4 h2 31. Rh1 g5 32. c4 Bh5 33.
Re1+ Kd8 34. b3 g4 35. Kg2 g3 36. Rf1 Be3 37. Kxg3 f4+ 38. Kxh2 Be2 39. Re1
Bd3 40. a5 Bc2 41. axb6 axb6 42. c5 bxc5 43. dxc5 Bxc5 44. Rc1 Be3 45. Rxc2
{Black resigns}
1-0

[Event "GambitGuide"]
[Site "Internet Chess Club"]
[Date "2014.10.30"]
[Round "1"]
[White "JSBach"]
[Black "kidcobra"]
[Result "1-0"]
[ICCResult "Black checkmated"]
[WhiteElo "1662"]
[BlackElo "1794"]
[Opening "Vienna: `Frankenstein-Dracula' variation"]
[ECO "C27"]
[NIC "VG.02"]
[Time "15:46:32"]
[TimeControl "120+12"]

1. e4 e5 2. Nc3 Nf6 3. Bc4 Nxe4 4. Qh5 Nd6 5. Bb3 Nc6 6. Nb5 g6 7. Qf3 f5 8.
Qd5 Qe7 9. Nxc7+ Kd8 10. Nxa8 b6 11. Ba4 Bb7 12. Nxb6 axb6 13. Qb3 Kc7 14.
Ne2 Nd4 15. Nxd4 exd4+ 16. Kf1 Qe4 17. f3 Ba6+ 18. d3 Qe5 19. f4 Qe7 20. Qb4
Bh6 21. Qxd4 Re8 22. Qf2 Ne4 23. Qe3 Bxf4 24. Qxf4+ Nd6 25. Bd2 Qe2+ 26. Kg1
g5 27. Qxg5 Ne4 28. dxe4 Rxe4 29. Bf4+ Kb7 30. Qxf5 Rd4 31. g3 Rd1+ 32. Rxd1
Qxd1+ 33. Kg2 Qe2+ 34. Kh3 Bc4 35. Qxd7+ Ka6 36. Qc8+ Ka5 37. Qa8+ Kb4 38.
Bd6# {Black checkmated} 1-0

[Event "GambitGuide"]
[Site "Internet Chess Club"]
[Date "2014.10.30"]
[Round "1"]
[White "JSBach"]
[Black "PomaG12"]
[Result "1-0"]
[ICCResult "Black checkmated"]
[WhiteElo "1662"]
[BlackElo "1369"]
[Opening "Vienna: `Frankenstein-Dracula' variation"]
[ECO "C27"]
[NIC "VG.02"]
[Time "15:46:32"]
[TimeControl "120+12"]

1. e4 e5 2. Nc3 Nf6 3. Bc4 Nxe4 4. Qh5 Nd6 5. Bb3 Nc6 6. Nb5 g6 7. Qf3 f5 8.
Qd5 Qe7 9. Nxc7+ Kd8 10. Nxa8 b6 11. Ba4 Bb7 12. Nxb6 axb6 13. Qb3 Kc7 14.
Ne2 Nd4 15. Nxd4 exd4+ 16. Kf1 Ba6+ 17. d3 Ne4 18. Bf4+ Kb7 19. Qd5+ Ka7 20.
Re1 Qh4 21. Qxd7+ Ka8 22. Bc6+ Bb7 23. Qxb7# {Black checkmated} 1-0

[Event "GambitGuide"]
[Site "Internet Chess Club"]
[Date "2014.10.30"]
[Round "1"]
[White "JSBach"]
[Black "kidcobra"]
[Result "0-1"]
[ICCResult "White checkmated"]
[WhiteElo "1662"]
[BlackElo "1794"]
[Opening "Vienna: `Frankenstein-Dracula' variation"]
[ECO "C27"]
[NIC "VG.02"]
[Time "15:47:59"]
[TimeControl "120+12"]

1. e4 e5 2. Nc3 Nf6 3. Bc4 Nxe4 4. Qh5 Nd6 5. Bb3 Nc6 6. Nb5 g6 7. Qf3 f5 8.
Qd5 Qe7 9. Nxc7+ Kd8 10. Nxa8 b6 11. Ba4 Bb7 12. Nxb6 axb6 13. Qb3 Kc7 14.
Ne2 Nd4 15. Nxd4 exd4+ 16. Kf1 Bh6 17. Qb4 Re8 18. Qxd6+ Qxd6 19. a3 Qe5 20.
Bb3 Qe1# {White checkmated} 0-1

[Event "GambitGuide"]
[Site "Internet Chess Club"]
[Date "2014.10.30"]
[Round "1"]
[White "JSBach"]
[Black "blittle"]
[Result "1-0"]
[ICCResult "Black resigns"]
[WhiteElo "1662"]
[BlackElo "1122"]
[Opening "Vienna: `Frankenstein-Dracula' variation"]
[ECO "C27"]
[NIC "VG.02"]
[Time "15:43:27"]
[TimeControl "120+12"]

1. e4 e5 2. Nc3 Nf6 3. Bc4 Nxe4 4. Qh5 Nd6 5. Bb3 Nc6 6. Nb5 g6 7. Qf3 f5 8.
Qd5 Qe7 9. Nxc7+ Kd8 10. Nxa8 b6 11. Ba4 Bb7 12. Nxb6 axb6 13. Qb3 Nc8 14.
Ne2 Bg7 15. Bb5 Nd4 16. Nxd4 exd4+ 17. Kf1 Qe6 18. Qc4 Nd6 19. Qxe6 dxe6 20.
Bd3 e5 21. c4 e4 22. c5 bxc5 23. Bc2 Kc7 24. Ke1 Re8 25. Ba4 Re7 26. Bb3 c4
27. Bd1 c3 28. dxc3 dxc3 29. Rb1 Ba6 30. Bc2 Nc4 31. b3 Ne5 32. Ba3 Rd7 33.
Bd1 Nd3+ 34. Kf1 Nf4+ 35. Kg1 Ne2+ 36. Bxe2 Bxe2 37. Bb4 c2 38. Re1 c1=Q 39.
Rxc1+ Kb6 40. Bc5+ Kb5 41. h4 {Black resigns} 1-0

[Event "GambitGuide"]
[Site "Internet Chess Club"]
[Date "2014.10.30"]
[Round "1"]
[White "JSBach"]
[Black "shibotal"]
[Result "1-0"]
[ICCResult "Black resigns"]
[WhiteElo "1662"]
[BlackElo "1803"]
[Opening "Vienna: `Frankenstein-Dracula' variation"]
[ECO "C27"]
[NIC "VG.02"]
[Time "15:47:30"]
[TimeControl "120+12"]

1. e4 e5 2. Nc3 Nf6 3. Bc4 Nxe4 4. Qh5 Nd6 5. Bb3 Nc6 6. Nb5 g6 7. Qf3 f5 8.
Qd5 Qe7 9. Nxc7+ Kd8 10. Nxa8 b6 11. Ba4 Bb7 12. Nxb6 axb6 13. Qb3 Nc8 14.
Ne2 Qc5 15. Qf7 Be7 16. Qg7 Rf8 17. Qxh7 g5 18. Qg6 g4 19. Nc3 Nd6 20. O-O
Nd4 21. Kh1 e4 22. Qg7 Nc4 23. d3 exd3 24. cxd3 Ne5 25. Re1 Bd6 26. Bf4 Rf7
27. Qg8+ Kc7 28. Bxe5 Bxe5 29. Qxf7 b5 30. Rac1 Kb6 31. Nxb5 Qd5 32. Qxd5
Bxd5 33. Rxe5 {Black resigns} 1-0

[Event "GambitGuide"]
[Site "Internet Chess Club"]
[Date "2014.10.30"]
[Round "1"]
[White "JSBach"]
[Black "Koldobika"]
[Result "1-0"]
[ICCResult "Black resigns"]
[WhiteElo "1662"]
[BlackElo "2053"]
[Opening "Vienna: `Frankenstein-Dracula' variation"]
[ECO "C27"]
[NIC "VG.02"]
[Time "15:47:38"]
[TimeControl "120+12"]

1. e4 e5 2. Nc3 Nf6 3. Bc4 Nxe4 4. Qh5 Nd6 5. Bb3 Nc6 6. Nb5 g6 7. Qf3 f5 8.
Qd5 Qe7 9. Nxc7+ Kd8 10. Nxa8 b6 11. Ba4 Na5 12. d4 e4 13. Bf4 e3 14. fxe3
g5 15. Qe5 {Black resigns} 1-0

[Event "GambitGuide"]
[Site "Internet Chess Club"]
[Date "2014.10.30"]
[Round "1"]
[White "JSBach"]
[Black "MikeSno"]
[Result "1-0"]
[ICCResult "Black checkmated"]
[WhiteElo "1662"]
[BlackElo "1288"]
[Opening "Vienna: `Frankenstein-Dracula' variation"]
[ECO "C27"]
[NIC "VG.02"]
[Time "15:45:43"]
[TimeControl "120+12"]

1. e4 e5 2. Nc3 Nf6 3. Bc4 Nxe4 4. Qh5 Nd6 5. Bb3 Nc6 6. Nb5 g6 7. Qf3 f5 8.
Qd5 Qe7 9. Nxc7+ Kd8 10. Nxa8 b6 11. Ba4 Bb7 12. Nxb6 axb6 13. Qb3 Nd4 14.
Qxb6+ Kc8 15. Kf1 Nc4 16. Qa7 Qe6 17. d3 Nb6 18. Bb3 Qc6 19. f3 e4 20. Bf4
Bd6 21. Bxd6 Qxd6 22. dxe4 fxe4 23. c3 Nxb3 24. axb3 Qd3+ 25. Kf2 e3+ 26.
Kg3 Qd6+ 27. f4 Qd5 28. Nf3 h5 29. Qxb6 h4+ 30. Nxh4 Rxh4 31. Kxh4 Qh5+ 32.
Kg3 g5 33. Qc5+ Bc6 34. Ra8+ Kc7 35. Qa5+ Kd6 36. Qe5# {Black checkmated}
1-0

[Event "GambitGuide"]
[Site "Internet Chess Club"]
[Date "2014.10.30"]
[Round "1"]
[White "JSBach"]
[Black "kiko450"]
[Result "1-0"]
[ICCResult "Black checkmated"]
[WhiteElo "1662"]
[BlackElo "918"]
[Opening "Vienna: `Frankenstein-Dracula' variation"]
[ECO "C27"]
[NIC "VG.02"]
[Time "15:51:43"]
[TimeControl "120+12"]

1. e4 e5 2. Nc3 Nf6 3. Bc4 Nxe4 4. Qh5 Nd6 5. Bb3 Nc6 6. Nb5 g6 7. Qf3 f5 8.
Qd5 Qe7 9. Nxc7+ Kd8 10. Nxa8 b6 11. Ba4 b5 12. Bxb5 Bb7 13. Bxc6 Bxc6 14.
Qa5+ Kc8 15. Qc7# {Black checkmated} 1-0

[Event "GambitGuide"]
[Site "Internet Chess Club"]
[Date "2014.10.30"]
[Round "1"]
[White "JSBach"]
[Black "Smallerville"]
[Result "0-1"]
[ICCResult "White checkmated"]
[WhiteElo "1662"]
[BlackElo "2016"]
[Opening "Vienna: `Frankenstein-Dracula' variation"]
[ECO "C27"]
[NIC "VG.02"]
[Time "15:47:37"]
[TimeControl "120+12"]

1. e4 e5 2. Nc3 Nf6 3. Bc4 Nxe4 4. Qh5 Nd6 5. Bb3 Nc6 6. Nb5 g6 7. Qf3 f5 8.
Qd5 Qe7 9. Nxc7+ Kd8 10. Nxa8 b6 11. Ba4 Bb7 12. Nxb6 axb6 13. Qb3 Kc7 14.
Nf3 Nd4 15. Nxd4 exd4+ 16. Kf1 Qe6 17. Qd3 Bg7 18. Bb3 Qe5 19. Rb1 Re8 20.
Kg1 Qe1+ 21. Qf1 d3 22. cxd3 Ba6 23. Bc2 Bd4 24. h4 Re2 25. Qxe1 Rxe1+ 26.
Kh2 Bxf2 27. Rxe1 Bxe1 28. Kh3 Nb5 29. Bb3 Nd4 30. Bc4 b5 31. Bd5 Ne2 32.
Kh2 Bxh4 33. Bf3 Nd4 34. Bd5 f4 35. a3 Bg3+ 36. Kh3 d6 37. Kg4 h6 38. Be6
Nxe6 39. d4 Nxd4 40. b3 Bc8# {White checkmated} 0-1

[Event "GambitGuide"]
[Site "Internet Chess Club"]
[Date "2014.10.30"]
[Round "1"]
[White "JSBach"]
[Black "FischerKing"]
[Result "1-0"]
[ICCResult "Black resigns"]
[WhiteElo "1662"]
[BlackElo "1739"]
[Opening "Vienna: `Frankenstein-Dracula' variation"]
[ECO "C27"]
[NIC "VG.02"]
[Time "15:49:39"]
[TimeControl "120+12"]

1. e4 e5 2. Nc3 Nf6 3. Bc4 Nxe4 4. Qh5 Nd6 5. Bb3 Nc6 6. Nb5 g6 7. Qf3 f5 8.
Qd5 Qe7 9. Nxc7+ Kd8 10. Nxa8 b6 11. Ba4 Bb7 12. Nxb6 axb6 13. Qb3 b5 14.
Nf3 Nd4 15. Nxd4 exd4+ 16. Kf1 Bc6 17. c3 bxa4 18. Qb8+ Nc8 19. Rg1 Qc5 20.
Ke1 d3 21. Qg3 Qe7+ 22. Qe3 Qxe3+ 23. fxe3 Bd6 24. Kf2 Bxh2 25. Rf1 Nd6 26.
b4 Ne4+ 27. Ke1 Bg3+ 28. Kd1 a3 29. Bxa3 Ba4+ 30. Kc1 h5 31. Bb2 h4 32. c4
Re8 33. Bd4 Re6 34. a3 Be5 35. Bxe5 Rxe5 36. Rh1 g5 37. Re1 d5 38. c5 Kc7
39. Rb1 Bc2 40. Rb2 Kc6 41. b5+ Kxc5 42. Rxc2+ dxc2 43. d4+ Kd6 44. dxe5+
Kxe5 45. b6 Nd6 46. a4 Nc4 47. b7 {Black resigns} 1-0

[Event "GambitGuide"]
[Site "Internet Chess Club"]
[Date "2014.10.30"]
[Round "1"]
[White "JSBach"]
[Black "PomaG12"]
[Result "1-0"]
[ICCResult "Black checkmated"]
[WhiteElo "1662"]
[BlackElo "1369"]
[Opening "Vienna: `Frankenstein-Dracula' variation"]
[ECO "C27"]
[NIC "VG.02"]
[Time "15:49:55"]
[TimeControl "120+12"]

1. e4 e5 2. Nc3 Nf6 3. Bc4 Nxe4 4. Qh5 Nd6 5. Bb3 Nc6 6. Nb5 g6 7. Qf3 f5 8.
Qd5 Qe7 9. Nxc7+ Kd8 10. Nxa8 b6 11. Ba4 Bb7 12. Nxb6 axb6 13. Qb3 Kc7 14.
Ne2 Bg7 15. Nc3 Nd4 16. Nd5+ Bxd5 17. Qxd5 Rb8 18. Bb3 e4 19. c3 Nxb3 20.
axb3 Qe5 21. Ra7+ Kd8 22. Qg8+ Ne8 23. Qxh7 Qf6 24. h4 Qf7 25. h5 gxh5 26.
Rxh5 Nf6 27. Rxf5 Ke7 28. Qh2 Rc8 29. c4 Qe6 30. Re5 Ng4 31. Rxe6+ Kxe6 32.
Qh7 Bd4 33. Qxd7+ Ke5 34. Qd5+ Kf4 35. d3+ e3 36. g3# {Black checkmated} 1-0

[Event "GambitGuide"]
[Site "Internet Chess Club"]
[Date "2014.10.30"]
[Round "1"]
[White "JSBach"]
[Black "mikyoo"]
[Result "1-0"]
[ICCResult "Black resigns"]
[WhiteElo "1662"]
[BlackElo "1387"]
[Opening "Vienna: `Frankenstein-Dracula' variation"]
[ECO "C27"]
[NIC "VG.02"]
[Time "15:49:48"]
[TimeControl "120+12"]

1. e4 e5 2. Nc3 Nf6 3. Bc4 Nxe4 4. Qh5 Nd6 5. Bb3 Nc6 6. Nb5 g6 7. Qf3 f5 8.
Qd5 Qe7 9. Nxc7+ Kd8 10. Nxa8 b6 11. Ba4 Bb7 12. Nxb6 axb6 13. Qb3 Kc7 14.
Ne2 Ne4 15. Qb5 Qc5 16. O-O Qxb5 17. Bxb5 Bc5 18. c3 d5 19. g3 d4 20. Bc4
dxc3 21. dxc3 Rd8 22. Be6 Nd2 23. Bxd2 Rxd2 24. b4 Bd6 25. Bc4 e4 26. Rad1
Rxd1 27. Rxd1 Ne5 28. Bd5 Bxd5 29. Rxd5 Nd3 30. Nd4 Be7 31. h4 Bf6 32. f3
Bxd4+ 33. Rxd4 Kc6 34. fxe4 fxe4 35. a4 h6 36. Rxe4 Kd5 37. Rd4+ {Black
resigns} 1-0

[Event "GambitGuide"]
[Site "Internet Chess Club"]
[Date "2014.10.30"]
[Round "1"]
[White "JSBach"]
[Black "kiko450"]
[Result "1-0"]
[ICCResult "Black resigns"]
[WhiteElo "1662"]
[BlackElo "918"]
[Opening "Vienna: `Frankenstein-Dracula' variation"]
[ECO "C27"]
[NIC "VG.02"]
[Time "15:52:45"]
[TimeControl "120+12"]

1. e4 e5 2. Nc3 Nf6 3. Bc4 Nxe4 4. Qh5 Nd6 5. Bb3 Nc6 6. Nb5 g6 7. Qf3 f5 8.
Qd5 Qe7 9. Nxc7+ Kd8 10. Nxa8 b6 11. Ba4 Qe6 12. Qxe6 dxe6 13. Bxc6 Bb7 14.
Bxb7 Nxb7 15. d3 Bc5 16. Nf3 Ke7 17. Nc7 Rd8 18. Bg5+ Kd7 19. Bxd8 Kxd8 20.
Nxe6+ Kd7 21. Nxc5+ bxc5 22. Nxe5+ Kd6 23. f4 Na5 24. Kd2 c4 25. dxc4 Nxc4+
26. Nxc4+ Kc5 27. Ne5 Kd5 28. Rae1 {Black resigns} 1-0

[Event "GambitGuide"]
[Site "Internet Chess Club"]
[Date "2014.10.30"]
[Round "1"]
[White "JSBach"]
[Black "vitoo131"]
[Result "0-1"]
[ICCResult "White checkmated"]
[WhiteElo "1662"]
[BlackElo "1931"]
[Opening "Vienna: `Frankenstein-Dracula' variation"]
[ECO "C27"]
[NIC "VG.02"]
[Time "15:50:33"]
[TimeControl "120+12"]

1. e4 e5 2. Nc3 Nf6 3. Bc4 Nxe4 4. Qh5 Nd6 5. Bb3 Nc6 6. Nb5 g6 7. Qf3 f5 8.
Qd5 Qe7 9. Nxc7+ Kd8 10. Nxa8 b6 11. Ba4 Bb7 12. Nxb6 axb6 13. Qb3 Kc7 14.
Ne2 Bg7 15. Nc3 Nd4 16. Nd5+ Bxd5 17. Qxd5 e4 18. Rb1 Re8 19. c3 Ne6 20. Rg1
Nf4 21. Qb3 Nd3+ 22. Kf1 Ra8 23. f3 Nc5 24. Qd5 Rxa4 25. b4 Nd3 26. Qb3 Ra8
27. Qd5 Re8 28. fxe4 Qxe4 29. Qxe4 Nxe4 30. g4 f4 31. Kg2 g5 32. Rd1 d5 33.
Kf1 f3 34. a3 Be5 35. Kg1 f2+ 36. Kf1 Bxh2 37. Kg2 Rf8 38. Rf1 Be5 39. Kh3
Nf4+ 40. Kh2 Ne2+ 41. Kh3 Rf3+ 42. Kg2 Rg3+ 43. Kh2 Rg1+ 44. Kh3 Nf4+ 45.
Kh2 Rg2+ 46. Kh1 Ng3# {White checkmated} 0-1

[Event "GambitGuide"]
[Site "Internet Chess Club"]
[Date "2014.10.30"]
[Round "1"]
[White "JSBach"]
[Black "oldrawdog"]
[Result "1-0"]
[ICCResult "Black resigns"]
[WhiteElo "1662"]
[BlackElo "1265"]
[Opening "Vienna: `Frankenstein-Dracula' variation"]
[ECO "C27"]
[NIC "VG.02"]
[Time "15:53:06"]
[TimeControl "120+12"]

1. e4 e5 2. Nc3 Nf6 3. Bc4 Nxe4 4. Qh5 Nd6 5. Bb3 Nc6 6. Nb5 g6 7. Qf3 f5 8.
Qd5 Qe7 9. Nxc7+ Kd8 10. Nxa8 b6 11. Ba4 Bb7 12. Nxb6 axb6 13. Qb3 Kc7 14.
Ne2 Bg7 15. Nc3 Nd4 16. Nd5+ Bxd5 17. Qxd5 {Black resigns} 1-0

[Event "GambitGuide"]
[Site "Internet Chess Club"]
[Date "2014.10.30"]
[Round "1"]
[White "JSBach"]
[Black "mikyoo"]
[Result "1-0"]
[ICCResult "Black resigns"]
[WhiteElo "1662"]
[BlackElo "1387"]
[Opening "Vienna: `Frankenstein-Dracula' variation"]
[ECO "C27"]
[NIC "VG.02"]
[Time "15:53:23"]
[TimeControl "120+12"]

1. e4 e5 2. Nc3 Nf6 3. Bc4 Nxe4 4. Qh5 Nd6 5. Bb3 Nc6 6. Nb5 g6 7. Qf3 f5 8.
Qd5 Qe7 9. Nxc7+ Kd8 10. Nxa8 b6 11. Ba4 Bb7 12. Nxb6 axb6 13. Qb3 Kc7 14.
Ne2 Bg7 15. Nc3 Nd4 16. Nd5+ Bxd5 17. Qxd5 b5 18. Bb3 Rc8 19. c3 Nc6 20. O-O
Kd8 21. f4 e4 22. Qg8+ Kc7 23. Qd5 b4 24. cxb4 Nxb4 25. Qa5+ {Black resigns}
1-0

[Event "GambitGuide"]
[Site "Internet Chess Club"]
[Date "2014.10.30"]
[Round "1"]
[White "JSBach"]
[Black "Falkentyne"]
[Result "1-0"]
[ICCResult "Black checkmated"]
[WhiteElo "1662"]
[BlackElo "1941"]
[Opening "Vienna: `Frankenstein-Dracula' variation"]
[ECO "C27"]
[NIC "VG.02"]
[Time "15:52:57"]
[TimeControl "120+12"]

1. e4 e5 2. Nc3 Nf6 3. Bc4 Nxe4 4. Qh5 Nd6 5. Bb3 Nc6 6. Nb5 g6 7. Qf3 f5 8.
Qd5 Qe7 9. Nxc7+ Kd8 10. Nxa8 b6 11. Ba4 Bb7 12. Nxb6 axb6 13. Qb3 Kc7 14.
Ne2 Ne4 15. Bb5 Qc5 16. O-O Na5 17. Qd3 d5 18. Rb1 Nc4 19. a4 Bg7 20. b4 Qe7
21. Bxc4 dxc4 22. Qxc4+ Kb8 23. Qb5 Rc8 24. f3 Nd6 25. Qxb6 Nc4 26. Qb5 Qd6
27. d3 Nb6 28. Be3 Nd5 29. Bc5 Qf6 30. Rbe1 Nc7 31. Qd7 Bc6 32. Qd6 Qf7 33.
Qxc6 e4 34. Qb6+ Ka8 35. Qa7# {Black checkmated} 1-0

[Event "GambitGuide"]
[Site "Internet Chess Club"]
[Date "2014.10.30"]
[Round "1"]
[White "JSBach"]
[Black "PomaG12"]
[Result "1-0"]
[ICCResult "Black resigns"]
[WhiteElo "1662"]
[BlackElo "1369"]
[Opening "Vienna: `Frankenstein-Dracula' variation"]
[ECO "C27"]
[NIC "VG.02"]
[Time "15:53:54"]
[TimeControl "120+12"]

1. e4 e5 2. Nc3 Nf6 3. Bc4 Nxe4 4. Qh5 Nd6 5. Bb3 Nc6 6. Nb5 g6 7. Qf3 f5 8.
Qd5 Qe7 9. Nxc7+ Kd8 10. Nxa8 b6 11. Ba4 Nb4 12. Qb3 Ne4 13. d3 Nc5 14. Qc4
Ba6 15. Bb5 Bb7 16. f3 Bxa8 17. Ne2 a6 18. d4 exd4 19. Kf1 axb5 20. Qxb4 d3
21. cxd3 Nxd3 22. Qd4 Qd6 23. Qxh8 Ne5 24. Bf4 Nf7 25. Bxd6 Nxh8 26. Bxf8
{Black resigns}
1-0

[Event "GambitGuide"]
[Site "Internet Chess Club"]
[Date "2014.10.30"]
[Round "1"]
[White "JSBach"]
[Black "Werewolf"]
[Result "0-1"]
[ICCResult "White checkmated"]
[WhiteElo "1662"]
[BlackElo "2408"]
[Opening "Vienna: `Frankenstein-Dracula' variation"]
[ECO "C27"]
[NIC "VG.02"]
[Time "15:52:46"]
[TimeControl "120+12"]

1. e4 e5 2. Nc3 Nf6 3. Bc4 Nxe4 4. Qh5 Nd6 5. Bb3 Nc6 6. Nb5 g6 7. Qf3 f5 8.
Qd5 Qe7 9. Nxc7+ Kd8 10. Nxa8 b6 11. Ba4 Bb7 12. Nxb6 axb6 13. Qb3 Nc8 14.
Ne2 Bg7 15. Bb5 Kc7 16. O-O Nd6 17. Re1 Qf6 18. a4 Na5 19. Qb4 g5 20. f3 e4
21. f4 gxf4 22. Nxf4 Rg8 23. Re3 Qg5 24. g3 Be5 25. Nh3 Qg7 26. Kh1 f4 27.
Nxf4 Bxf4 28. Qc3+ Qxc3 29. Rxc3+ Kb8 30. Kg1 Be5 31. Re3 Bd4 32. Bxd7 Bxe3+
33. dxe3 h5 34. Bd2 Nac4 35. Bc1 h4 36. g4 Bc8 37. Bxc8 Kxc8 38. h3 Nf5 39.
Kf2 Ng3 40. c3 Rf8+ 41. Kg2 Rf3 42. a5 bxa5 43. Ra4 Nxe3+ 44. Bxe3 Rxe3 45.
Rxa5 Re2+ 46. Kg1 Rxb2 47. c4 e3 48. Rc5+ Kd7 49. Rb5 Rxb5 50. cxb5 e2 51.
Kf2 Kc7 52. Ke1 Kb6 53. g5 Kxb5 54. g6 Nf5 55. Kxe2 Kc5 56. Kd2 Kd4 57. Ke2
Ke4 58. Kd1 Kf3 59. Kc2 Kg3 60. Kd3 Kxh3 61. Ke2 Kg2 62. g7 Nxg7 63. Ke3 h3
64. Kf4 h2 65. Ke5 h1=Q 66. Kd4 Qd1+ 67. Ke4 Qd2 68. Ke5 Qd3 69. Kf6 Nh5+
70. Ke5 Ng3 71. Ke6 Qf5+ 72. Kd6 Ne4+ 73. Kc6 Qc5+ 74. Kd7 Qd6+ 75. Kc8 Qe7
76. Kb8 Nd6 77. Ka8 Qb7# {White checkmated} 0-1

[Event "GambitGuide"]
[Site "Internet Chess Club"]
[Date "2014.10.30"]
[Round "1"]
[White "JSBach"]
[Black "Falkentyne"]
[Result "1-0"]
[ICCResult "Black resigns"]
[WhiteElo "1662"]
[BlackElo "1941"]
[Opening "Vienna: `Frankenstein-Dracula' variation"]
[ECO "C27"]
[NIC "VG.02"]
[Time "15:55:38"]
[TimeControl "120+12"]

1. e4 e5 2. Nc3 Nf6 3. Bc4 Nxe4 4. Qh5 Nd6 5. Bb3 Nc6 6. Nb5 g6 7. Qf3 f5 8.
Qd5 Qe7 9. Nxc7+ Kd8 10. Nxa8 b6 11. Ba4 Bb7 12. Nxb6 axb6 13. Qb3 Kc7 14.
Ne2 e4 15. Qd5 Na5 16. Qd4 Bg7 17. Qb4 Ba6 18. Nc3 Qe5 19. Bb3 Ndc4 20. O-O
Bf8 21. d4 Qxd4 22. Qa4 Bc5 23. Bf4+ d6 24. Rad1 Nxb2 25. Qxd4 Bxd4 26. Rxd4
Bxf1 27. Bxd6+ Kc6 28. Kxf1 Rd8 29. Be5 Re8 30. Rd6+ Kc5 31. Re6 Rd8 32. Bc7
Rd2 33. Bxb6+ Kb4 34. a3+ Kxc3 35. Bxa5+ Kd4 36. Bxd2 {Black resigns} 1-0

[Event "GambitGuide"]
[Site "Internet Chess Club"]
[Date "2014.10.30"]
[Round "1"]
[White "JSBach"]
[Black "FischerKing"]
[Result "1-0"]
[ICCResult "Black resigns"]
[WhiteElo "1662"]
[BlackElo "1739"]
[Opening "Vienna: `Frankenstein-Dracula' variation"]
[ECO "C27"]
[NIC "VG.02"]
[Time "15:56:16"]
[TimeControl "120+12"]

1. e4 e5 2. Nc3 Nf6 3. Bc4 Nxe4 4. Qh5 Nd6 5. Bb3 Nc6 6. Nb5 g6 7. Qf3 f5 8.
Qd5 Qe7 9. Nxc7+ Kd8 10. Nxa8 b6 11. Ba4 Bb7 12. Nxb6 axb6 13. Qb3 b5 14.
Nf3 Nd4 15. Nxd4 exd4+ 16. Kf1 Bc6 17. Qb4 Ne4 18. Qxd4 bxa4 19. Qxh8 Bb5+
20. d3 Nxf2 21. Kxf2 Qc5+ 22. Kg3 Kc7 23. c4 Bc6 24. Qxh7 Bd6+ 25. Kh3 Qf2
26. Qxg6 Be7 27. Qg3+ Qxg3+ 28. Kxg3 {Black resigns} 1-0